 Dungeon Crawl Stone Soup version 0.17.1-1-g73c8601 (webtiles) character file.

5333 simples the Destroyer (level 10, -7/81 HPs)
             Began as a Purple Draconian Conjurer on Jan 7, 2016.
             Was a High Priest of Sif Muna.
             Mangled by an orc warrior
             ... wielding a +0 glaive
              (18 damage)
             ... on level 9 of the Dungeon.
             The game lasted 00:41:46 (14336 turns).

simples the Destroyer (Purple Draconian Conjurer)  Turns: 14336, Time: 00:41:46

Health: -7/81      AC:  8    Str: 10    XL:     10   Next: 38%
Magic:  0/24       EV:  7    Int: 19    God:    Sif Muna [*****.]
Gold:   497        SH:  0    Dex: 12    Spells: 3 memorised, 22 levels left

rFire  . . .     SeeInvis .     P - staff of energy
rCold  . . .     Clarity  .     (armour unavailable)
rNeg   + . .     SustAt   .     (no shield)
rPois  +         Gourm    .     (helmet restricted)
rElec  .         Spirit   +     w - +0 cloak
rCorr  .         Warding  .     (no gloves)
rMut   .         Stasis   .     (no boots)
MR     +....                    Q - amulet of guardian spirit
Stlth  ++........               D - ring of poison resistance
                                x - ring of positive energy

@: somewhat resistant to hostile enchantments, unstealthy
A: breathe power, unfitting armour, cold-blooded, AC +7
a: Breathe Dispelling Energy, Channel Energy, Forget Spell, Renounce Religion


You were on level 9 of the Dungeon.
You worshipped Sif Muna.
Sif Muna was extremely pleased with you.
You were not hungry.

You visited 1 branch of the dungeon, and saw 9 of its levels.
You also visited: Ossuary.

You collected 497 gold pieces.

Inventory:

Hand Weapons
 G - a +2 dagger of electrocution
Armour
 w - a +0 cloak (worn)
Magical Staves
 P - an uncursed staff of energy (weapon)
Jewellery
 x - a ring of positive energy (left hand)
 D - a ring of poison resistance (right hand)
 I - an uncursed ring of flight
 Q - an amulet of guardian spirit (around neck)
Wands
 E - a wand of polymorph (12)
 F - a wand of paralysis (6)
 M - a wand of polymorph (12)
Scrolls
 f - a scroll of recharging
 h - 4 scrolls of amnesia {unknown}
 i - 3 scrolls of magic mapping
 k - 2 scrolls of enchant armour {unknown}
 l - 6 scrolls of immolation {unknown}
 n - a scroll of holy word {unknown}
 o - 3 scrolls of teleportation {unknown}
 p - 3 scrolls of random uselessness {unknown}
 q - a scroll of noise {unknown}
 r - 6 scrolls of remove curse
 v - 4 scrolls of enchant weapon {unknown}
 y - a scroll of acquirement {unknown}
 C - a scroll of summoning {unknown}
 H - a scroll of identify
 O - a scroll of fear {unknown}
Potions
 e - 3 potions of mutation
 g - 3 potions of brilliance
 j - 5 potions of flight
 s - 5 potions of agility
 t - 6 potions of curing {unknown}
 u - a potion of might
 z - 2 potions of berserk rage {unknown}
 J - a potion of haste {unknown}
 K - a potion of lignification {unknown}
 L - a potion of degeneration {unknown}
Books
 a - a book of Conjurations

   Spells                             Type                      Level
   a - Magic Dart                     Conjuration                  1
   b - Searing Ray                    Conjuration                  2
   c - Dazzling Spray                 Conjuration/Hexes            3
   d - Fulminant Prism                Conjuration/Hexes            4
   e - Iskenderun's Mystic Blast      Conjuration                  4
   f - Iskenderun's Battlesphere      Conjuration/Charms           5
Comestibles
 b - 3 bread rations
 c - a slice of pizza
 d - 5 chunks of flesh
 m - 2 meat rations
 A - a royal jelly
 B - 3 beef jerkies


   Skills:
 + Level 5.4 Fighting
 - Level 1.7 Dodging
 - Level 1.7 Stealth
 * Level 10.8 Spellcasting
 - Level 11.0 Conjurations
 + Level 3.7 Charms


You had 22 spell levels left.
You knew the following spells:

 Your Spells              Type           Power        Failure   Level  Hunger
a - Magic Dart            Conj           ####         1%          1    None
b - Searing Ray           Conj           ######       1%          2    None
c - Iskenderun's Battles  Conj/Chrm      #####...     12%         5    None


Dungeon Overview and Level Annotations

Branches:
Dungeon (9/15)             Temple (0/1) D:6
   Lair: D:8-11         Orc: D:9-12

Altars:
Dithmenos
Fedhas
Kikubaaqudgha
Nemelex Xobeh
Okawaru
Sif Muna
Vehumet


Innate Abilities, Weirdness & Mutations

You can breathe bolts of dispelling energy.
Your rich purple scales are hard (AC +7).
Your body does not fit into most forms of armour.
You are cold-blooded and may be slowed by cold attacks.


Message History

Press: ? - help, Shift-Dir - straight line, f/p - orc warrior
Aim: an orc warrior, wielding a glaive and wearing a chain mail (severely wounded)
The searing ray hits the orc warrior.
The orc warrior is severely wounded.
The orc warrior barely misses you.
The searing ray hits the orc warrior.
The orc warrior is almost dead.
Without enough magic to sustain it, your searing ray dissipates.
The orc warrior hits you from afar with a glaive!!
* * * LOW HITPOINT WARNING * * *
Casting: Searing Ray
Confirm with . or Enter, or press ? or * to list all spells.
You don't have enough magic to cast that spell.
You see here an arrow.
Things that are here:
an arrow; a yak skeleton You see here an arrow.
There is a stone staircase leading up, spattered with blood here.
The orc warrior hits you from afar with a glaive!!
You die...

#.................
##..)...########..
#........#
#........#
#(###....# #(#
....... #o#
....... #(#
....... #@#
....... ###
....###


You could see an orc warrior.

Vanquished Creatures
  Pikel (D:5)
  A two-headed ogre (D:8)
  The ghost of Yermak the Skirmisher, an amateur FoSk of the Shining One (Ossuary)
  Prince Ribbit (D:6)
  A hippogriff (D:8)
  4 yaks
  A hungry ghost (D:8)
  Menkaure (D:6)
  2 orc warriors
  Duvessa (D:6)
  A water moccasin (D:6)
  2 phantoms
  2 ogres (D:6)
  2 ice beasts
  A sky beast (D:6)
  4 centaurs
  3 giant frogs
  Dowan (D:6)
  2 scorpions
  4 wights (D:6)
  3 crimson imps
  A quasit (D:7)
  2 jellies
  An orc priest (D:7)
  2 iguanas
  Ijyb (D:2)
  3 centaur zombies
  3 giant frog skeletons
  4 hounds
  6 orc wizards
  A killer bee zombie (D:8)
  6 worker ants
  3 ogre zombies (Ossuary)
  A hound skeleton (D:5)
  8 mummies
  Robin (D:5)
  11 adders
  3 gnolls (D:4)
  3 shadow imps
  An ooze (D:3)
  6 adder zombies
  4 worms
  2 adder skeletons
  7 giant geckos
  33 orcs
  5 ball pythons
  5 giant cockroaches
  11 hobgoblins
  13 jackals
  7 quokkas
  7 bats
  A giant gecko skeleton (D:4)
  9 giant newts
  A gnoll zombie (Ossuary)
  16 goblins
  3 goblin zombies
  4 hobgoblin zombies (Ossuary)
  A jackal skeleton (D:6)
  5 kobolds
  3 kobold zombies
  An orc zombie (Ossuary)
  A quokka skeleton (D:8)
  5 quokka zombies
  9 rats
  6 rat zombies (Ossuary)
265 creatures vanquished.

Notes
Turn   | Place    | Note
--------------------------------------------------------------
     0 | D:1      | simples the Draconian Conjurer began the quest for the Orb.
     0 | D:1      | Reached XP level 1. HP: 14/14 MP: 3/3
   214 | D:1      | Reached XP level 2. HP: 20/20 MP: 0/5
   709 | D:1      | Learned a level 2 spell: Searing Ray
   732 | D:1      | Reached skill level 1 in Fighting
  1236 | D:2      | Reached XP level 3. HP: 26/29 MP: 0/6
  1759 | D:2      | Noticed Ijyb
  1850 | D:2      | Killed Ijyb
  1850 | D:2      | Reached XP level 4. HP: 11/36 MP: 2/7
  2097 | D:2      | Reached skill level 5 in Conjurations
  2169 | D:2      | Found a deep blue altar of Sif Muna.
  2178 | D:2      | Became a worshipper of Sif Muna the Loreminder
  3437 | D:3      | Reached XP level 5. HP: 42/42 MP: 0/9
  4947 | D:4      | Found a sand-covered staircase.
  4985 | Ossuary  | Entered an ossuary
  5129 | Ossuary  | Noticed Yermak's ghost (amateur FoSk)
  5244 | Ossuary  | HP: 1/45 [Yermak's ghost (5)]
  5245 | Ossuary  | Killed Yermak's ghost
  5245 | Ossuary  | Reached * piety under Sif Muna
  5245 | Ossuary  | Reached XP level 6. HP: 1/51 MP: 1/12
  5874 | Ossuary  | Reached skill level 5 in Spellcasting
  5874 | Ossuary  | Your scales start taking on a rich purple colour.
  5874 | Ossuary  | Reached XP level 7. HP: 43/58 MP: 6/15
  6042 | Ossuary  | Learned a level 5 spell: Iskenderun's Battlesphere
  6178 | Ossuary  | Reached skill level 6 in Spellcasting
  6808 | D:4      | Found an ancient bone altar of Kikubaaqudgha.
  7676 | D:4      | Noticed an ice beast
  7686 | D:4      | Killed an ice beast
  7932 | D:4      | Reached skill level 7 in Conjurations
  8056 | D:5      | Entered Level 5 of the Dungeon
  8456 | D:5      | Noticed Robin
  8460 | D:5      | Killed Robin
  8467 | D:5      | Reached ** piety under Sif Muna
  8467 | D:5      | Reached XP level 8. HP: 60/66 MP: 9/18
  8536 | D:5      | Noticed Pikel
  8903 | D:5      | Killed Pikel
  8903 | D:5      | Reached skill level 8 in Conjurations
  9055 | D:5      | Found a shadowy altar of Dithmenos.
  9510 | D:6      | Reached *** piety under Sif Muna
  9602 | D:6      | Reached skill level 9 in Conjurations
  9756 | D:6      | Reached XP level 9. HP: 53/71 MP: 10/21
 10020 | D:6      | Noticed Menkaure
 10036 | D:6      | Killed Menkaure
 10430 | D:6      | Found a blossoming altar of Fedhas.
 10439 | D:6      | Noticed Duvessa
 10515 | D:6      | Reached skill level 10 in Conjurations
 10556 | D:6      | Reached **** piety under Sif Muna
 10628 | D:6      | Found an iron altar of Okawaru.
 10696 | D:6      | Found a staircase to the Ecumenical Temple.
 10698 | D:6      | Noticed Dowan
 10722 | D:6      | Killed Duvessa
 10725 | D:6      | Killed Dowan
 10900 | D:6      | Noticed Prince Ribbit
 10910 | D:6      | Killed Prince Ribbit
 11299 | D:6      | Reached ***** piety under Sif Muna
 11620 | D:6      | Reached skill level 11 in Conjurations
 12040 | D:7      | Reached skill level 1 in Charms
 12747 | D:8      | Found a sparkling altar of Nemelex Xobeh.
 12911 | D:8      | Found a radiant altar of Vehumet.
 12936 | D:8      | Reached skill level 10 in Spellcasting
 12936 | D:8      | Reached XP level 10. HP: 80/80 MP: 17/24
 13586 | D:9      | Reached skill level 5 in Fighting
 14336 | D:9      | Mangled by an orc warrior

Action                   |  1- 3 |  4- 6 |  7- 9 | 10-12 || total
-------------------------+-------+-------+-------+-------++-------
Melee: Unarmed           |    17 |       |       |       ||    17
       Dagger            |    86 |    92 |    48 |       ||   226
 Cast: Magic Dart        |    65 |    87 |   148 |    27 ||   327
       Searing Ray       |     2 |    33 |    97 |    21 ||   153
 Abil: Breathe Dispellin |       |       |     1 |       ||     1
  Use: Potion            |       |     3 |       |     1 ||     4
       Scroll            |       |     5 |     2 |       ||     7
 Stab: Sleeping          |       |     1 |       |       ||     1
  Eat: Chunk             |     3 |    12 |    17 |     5 ||    37
       Beef jerky        |       |     2 |       |       ||     2
       Bread ration      |       |       |     1 |       ||     1
